 Dungeon Crawl Stone Soup version 0.25-a0-346-g140ab784a8 (webtiles) character file.

Game seed: 18247424245666965777, levelgen mode: classic

106 Borgoz the Twirler (level 4, 0/28 HPs)
             Began as a Gargoyle Gladiator on Jan 1, 2020.
             Slain by a gnoll
             ... wielding a +0 spear
              (9 damage)
             ... on level 6 of the Dungeon.
             The game lasted 00:02:22 (1388 turns).

Borgoz the Twirler (Gargoyle Gladiator)             Turns: 1388, Time: 00:02:23

Health: 0/28       AC:  7    Str: 22    XL:     4   Next: 84%
Magic:  4/4        EV: 12    Int:  9    God:
Gold:   110        SH:  0    Dex: 12    Spells: 3/3 levels left

rFire    . . .     SeeInvis .   a - +0 quarterstaff
rCold    . . .     Gourm    .   (shield currently unavailable)
rNeg     + . .     Faith    .   b - +0 leather armour
rPois    ∞         Spirit   .   c - +0 helmet
rElec    +         Reflect  .   (no cloak)
rCorr    .         Harm     .   (no gloves)
MR       .....                  (no boots)
Stlth    +.........             (no amulet)
HPRegen  0.09/turn              (no ring)
MPRegen  0.09/turn              (no ring)

@: mighty
A: negative energy resistance 1, electricity resistance, unbreathing,
petrification resistance, rot immunity, AC +3
a: no special abilities


You were on level 6 of the Dungeon.
You were not hungry.

You visited 1 branch of the dungeon, and saw 4 of its levels.

You collected 110 gold pieces.

Inventory:

Hand Weapons
 a - a +0 quarterstaff (weapon)
Missiles
 d - 3 throwing nets (quivered)
Armour
 b - a +0 leather armour (worn)
 c - a +0 helmet (worn)
Scrolls
 j - a scroll of identify
 l - 2 scrolls of enchant weapon {unknown}
 m - a scroll of remove curse {unknown}
 n - a scroll of noise {unknown}
Potions
 g - a potion of curing
 h - 2 potions of lignification {unknown}
 i - a potion of mutation
 k - a potion of ambrosia {unknown}
Comestibles
 f - 5 rations


   Skills:
 + Level 3.0 Fighting
 * Level 4.1 Staves
 - Level 1.7 Throwing
 + Level 1.8 Armour
 + Level 2.9 Dodging


You had 3 spell levels left.
You didn't know any spells.
Your spell library contained the following spells:

 Spells                   Type           Power        Failure   Level  Hunger
 Corpse Rot               Necr/Air       N/A          56%         2    ###....
 Agony                    Necr           #.......     100%        5    ######.
 Dispel Undead            Necr           #.......     100%        5    ######.
 Excruciating Wounds      Chrm/Necr      #.........   100%        5    ######.
 Sublimation of Blood     Necr           Unusable     N/A         2    N/A

Dungeon Overview and Level Annotations

Branches:
Dungeon (3/15)

Altars:
Dithmenos
Nemelex Xobeh

Annotations:
D:6 Pikel


Innate Abilities, Weirdness & Mutations

You are resistant to torment.
Your stone body is resilient. (AC +3)
You are immune to poison.
You resist negative energy. (rN+)
You are resistant to electric shocks. (rElec)
You can survive without breathing.
You are immune to petrification.
You are immune to rotting.


Message History

The slave closely misses you. x2
The gnoll hits you from afar with a +0 spear.
* * * LOW HITPOINT WARNING * * *
You feel better. The slave closely misses you. x3
The gnoll hits you but does no damage.
Okay, then.
The slave hits you but does no damage. Pikel closely misses you.
Pikel zaps a wand.
Some rock shatters into small pieces.
The slave barely misses you. The slave barely misses you.
The gnoll closely misses you. The gnoll barely misses you.
Found an escape hatch in the ceiling.
Pikel zaps a wand.
Some rock shatters into small pieces.
Found a stone staircase leading up and two stone staircases leading down.
A leopard gecko comes into view.
You barely miss the slave.
The leopard gecko hisses angrily.
The slave hits you.
The gnoll hits you from afar with a +0 spear!
You die...

##♣ >. ....
..... .<.# >.♣.
..... .. l..
#... #.# <.
#... .#..#
.#..# ......
### ##..#
..#..###.# #.@#
#........##.p##
#.#.....Kgp#
#.#.#...pp#
#........#
##(#.....####
#...#........
##.......####
###....##


You could see Pikel, 4 slaves, a gnoll and a leopard gecko.

Vanquished Creatures
  A jelly (D:6)
  4 adders
  An adder zombie (D:2)
  3 leopard geckos
  5 bats
  A giant cockroach (D:1)
  6 goblins
  4 hobgoblins
  A ball python (D:1)
  2 frilled lizards (D:1)
  3 kobolds
  4 rats
35 creatures vanquished.

Notes
Turn   | Place    | Note
-------+----------+-------------------------------------------
     0 | D:1      | Borgoz the Gargoyle Gladiator began the quest for the Orb.
     0 | D:1      | Reached XP level 1. HP: 12/12 MP: 1/1
   126 | D:1      | Reached XP level 2. HP: 18/18 MP: 2/2
   634 | D:2      | Reached skill level 1 in Armour
   634 | D:2      | Reached XP level 3. HP: 18/22 MP: 3/3
   639 | D:2      | Found a shadowy altar of Dithmenos.
   858 | D:2      | Reached XP level 4. HP: 23/27 MP: 4/4
  1214 | D:2      | Found a sparkling altar of Nemelex Xobeh.
  1214 | D:2      | Found a transporter.
  1364 | D:3      | You fall into a shaft and drop 3 floors!
  1364 | D:6      | Noticed a slave
  1364 | D:6      | Noticed a slave
  1365 | D:6      | Noticed Pikel
  1365 | D:6      | Noticed a slave
  1366 | D:6      | Noticed a slave
  1379 | D:6      | Reached skill level 4 in Staves
  1388 | D:6      | Slain by a gnoll

Levels and vault maps discovered:
D:1:      tarquinn_simple_flora_water_b, layout_basic
D:2:      layout_loops_ring, old_standard_altar, grunt_ministairs_2,
          minmay_strange_pillars, eino_curves_04, grunt_nemelex_the_gamble
D:3:      layout_loops_ring, st_stairs_12
D:6:      layout_rooms, grunt_ministairs_7, serial_bayou_lagoon_a,
          nicolae_elemental_shop, minmay_fractal_squares_diagonal_5, uniq_pikel,
          uniq_edmund

Skill      XL: |  1  2  3  4 |
---------------+-------------+-----
Armour         | 1 |  1.8
Fighting       | 3 |  3.0
Staves         | 4 |  4.1
Throwing       | |  1.7
Dodging        | |  2.9

Action                   |  1- 3 |  4- 6 || total
-------------------------+-------+-------++-------
Melee: Quarterstaff      |    76 |    40 ||   116
  Use: Scroll            |       |     3 ||     3
       Potion            |       |     2 ||     2
  Eat: Chunk             |       |     2 ||     2
Armor: Leather armour    |    41 |    19 ||    60
Dodge: Dodged            |    54 |    53 ||   107

Table legend:
 A = Non-vault XP
 B = Vault XP
 C = Vault XP percentage of total XP
 D = Non-vault monster count
 E = Vault monster count
 F = Vault count percentage of total count
                 A         B        C        D         E       F
            +---------+---------+-------+---------+---------+-------
      Total |     149 |       3 |   2.0 |      33 |       2 |   5.7
            +---------+---------+-------+---------+---------+-------
        D:1 |      24 |       0 |   0.0 |      16 |       0 |   0.0
        D:2 |      67 |       3 |   4.3 |      14 |       2 |  12.5
        D:3 |      16 |       0 |   0.0 |       2 |       0 |   0.0
        D:6 |      42 |       0 |   0.0 |       1 |       0 |   0.0
            +---------+---------+-------+---------+---------+-------
